 Dungeon Crawl Stone Soup version 0.28-a0-1447-ga5a8893891 (webtiles) character file.

Game seed: 16632859155448229867

34 shambles07 the Firebug (level 3, 0/26 HPs)
             Began as a Hill Orc Fire Elementalist on Jan 12, 2022.
             Succumbed to an adder's poison
             ... on level 1 of the Dungeon.
             The game lasted 00:27:41 (1734 turns).

shambles07 the Firebug (Hill Orc Fire Elementalist) Turns: 1734, Time: 00:27:41

Health: 0/26       AC:  2    Str: 10    XL:     3   Next: 31%
Magic:  1/6        EV: 12    Int: 17    God:
Gold:   0          SH:  0    Dex: 11    Spells: 3/6 levels left

rFire   + + .      SeeInvis .   f - +0 short sword
rCold   x . .      Faith    .   (no shield)
rNeg    . . .      Spirit   .   a - +0 robe
rPois   .          Reflect  .   (no helmet)
rElec   .          Harm     .   (no cloak)
rCorr   .          Rampage  .   (no gloves)
Will    .....                   (no boots)
Stlth   ++........              (no amulet)
HPRegen 0.08/turn               b - ring of protection from fire
MPRegen 0.10/turn               j - ring of fire

@: lethally poisoned (0 -> -3)
A: no striking features
a: no special abilities


You were on level 1 of the Dungeon.
You visited 1 branch of the dungeon, and saw 2 of its levels.

Inventory:

Hand Weapons
 f - a +0 short sword (weapon)
 k - a +0 whip
Missiles
 e - 42 stones
 h - 22 bolts
 i - 15 poisoned darts
Armour
 a - a +0 robe (worn)
Jewellery
 b - a ring of protection from fire (left hand)
 j - a ring of fire (right hand)
Scrolls
 g - a scroll of identify {unknown}
Potions
 d - a potion of cancellation {unknown}


   Skills:
 + Level 2.0 Dodging
 + Level 1.5 Stealth
 + Level 2.0 Spellcasting
 + Level 1.4 Conjurations
 + Level 3.8 Fire Magic


You had 3 spell levels left.
You knew the following spells:

 Your Spells              Type           Power      Damage    Failure   Level
a - Foxfire               Conj/Fire      64%        2x1d7     7%          1
b - Scorch                Fire           44%        2d7       6%          2

Your spell library contained the following spells:

 Spells                   Type           Power      Damage    Failure   Level
 Conjure Flame            Conj/Fire      16%        6-21      21%         3
 Inner Flame              Hex/Fire       12%        N/A       26%         3
 Corpse Rot               Necr/Air       2%         N/A       28%         2
 Poisonous Vapours        Pois/Air       2%         N/A       28%         2
 Flame Wave               Conj/Fire      16%        2d5       54%         4


Dungeon Overview and Level Annotations

Branches:
Dungeon (2/15)

Altars:

Shops:
D:1 ?


Message History

Your magical contamination has completely faded away.
You don't have enough magic to cast this spell.
You feel sick.
You are no longer poisoned.
The adder closely misses you.
There is a stone staircase leading up here.
The adder misses you.
You climb upwards.
There is a stone staircase leading down here.
Casting: Scorch (safe; 6% risk of failure)
Press: ? - help, Q - select action, (/) - cycle Dir - look around, f - activate You feel a surge of power!
Flames lash the adder.
The adder is almost dead.
The adder's fire resistance burns away.
The adder bites you but does no damage. The adder barely misses you.
You closely miss the adder.
The adder is almost dead.
The adder barely misses you. The adder bites you.
The adder is no longer more vulnerable to fire.
The adder closely misses you.
Press: ? - help, v - describe, . - travel
Here: an adder (severely wounded)
The floor.
You don't have enough magic to cast this spell.
The adder bites you. The adder bites you.
You don't have enough magic to cast this spell.
You don't have enough magic to cast this spell.
You don't have enough magic to cast this spell.
The adder bites you.
* * * LOW HITPOINT WARNING * * *
You don't have enough magic to cast this spell.
You miss the adder.
The adder is severely wounded.
The adder bites you.
* * * LOW HITPOINT WARNING * * *
You are lethally poisoned!
The adder poisons you!
You die...

#.#....#.###.##..#..## #.###.
#.#........#'##.....#######.##..
##......###.#........##.........#
............##.#####........#####
##.#....###......................
#.###.###..............###......
#..##.###................#######
##..#.##...#....................
##.#.##..##...@.S.....######...
#.#....###...........# #...
####......###...........#########
.................................
######....###................####
#.....#......##............##
##..#....###..###.............
##..##..#......................
#.........###.#####..†>..##.##.


You could see an adder.

Vanquished Creatures
  A dart slug (D:1)
  2 bats
  6 endoplasms (D:1)
  2 goblins (D:1)
  A hobgoblin (D:1)
  3 quokkas (D:1)
  6 ball pythons
  6 kobolds
  A rat (D:1)
28 creatures vanquished.

Vanquished Creatures (others)
  24 foxfires (D:1)
24 creatures vanquished.

Grand Total: 52 creatures vanquished

Notes
Turn   | Place    | Note
-------+----------+-------------------------------------------
     0 | D:1      | shambles07 the Hill Orc Fire Elementalist began the quest
                  | for the Orb.
     0 | D:1      | Reached XP level 1. HP: 14/14 MP: 3/3
   424 | D:1      | Found Ovurug's Magic Scroll Emporium.
   587 | D:1      | Reached XP level 2. HP: 20/20 MP: 2/4
   646 | D:1      | Learned a level 2 spell: Scorch
  1137 | D:1      | Reached XP level 3. HP: 26/26 MP: 2/5
  1733 | D:1      | HP: 1/26 [adder (4)]
  1734 | D:1      | Succumbed to an adder's poison

Illustrated notes

Levels and vault maps discovered:
D:1:      tarquinn_simple_flora_water_e, layout_rooms, serial_shops,
          nicolae_shop_stone, minmay_box_of_dots
D:2:      layout_rooms

Skill      XL: |  1  2  3 |
---------------+----------+-----
Dodging        | 2 |  2.0
Spellcasting   | 2 |  2.0
Stealth        | |  1.5
Conjurations   | |  1.4
Fire Magic     | |  3.8

Action                   || total
-------------------------++-------
Melee: Dagger            ||     2
       Unarmed           ||     2
       Short sword       ||    20
       Punch             ||     1
Throw: Dart              ||     2
       Stone             ||     2
 Cast: Foxfire           ||    22
       Scorch            ||    15
Armor: Robe              ||     5
Dodge: Dodged            ||    40

Table legend: (Time is in decaauts)
 A = Elapsed time spent in this place.
 B = Non-inter-level travel time spent in this place.
 C = Inter-level travel time spent in this place.
 D = Time resting spent in this place.
 E = Time spent auto-exploring this place.
 F = Levels seen in this place.
 G = Mean time per level.
                   A        B        C        D        E       F      G
               +--------+--------+--------+--------+--------+-----+--------+
         Total |   1736 |   1729 |      7 |    921 |    171 |   2 |  868.0 |
       Dungeon |   1736 |   1729 |      7 |    921 |    171 |   2 |  868.0 |
               +--------+--------+--------+--------+--------+-----+--------+

Top non-repeatable levels by time:
     D:1: 1690 daAuts
     D:2: 46 daAuts
